 Dungeon Crawl Stone Soup version 0.21.1-1-g345015f (webtiles) character file.

651 Fang the Chopper (level 7, 0/44 HPs)
             Began as a Gargoyle Berserker on May 16, 2018.
             Was a Priest of Trog.
             Slain by a killer bee zombie (5 damage)
             ... on level 5 of the Dungeon.
             The game lasted 00:08:15 (4486 turns).

Fang the Chopper (Gargoyle Berserker)               Turns: 4486, Time: 00:08:15

Health: 0/44       AC: 11    Str: 23    XL:     7   Next: 53%
Magic:  7/7        EV: 13    Int: 12    God:    Trog [***...]
Gold:   184        SH:  0    Dex:  9    Spells: 6/6 levels left

rFire    . . .     SeeInvis .   a - +1 hand axe
rCold    . . .     Gourm    .   (no shield)
rNeg     + . .     Faith    .   b - +1 animal skin
rPois    ∞         Spirit   .   (no helmet)
rElec    +         Reflect  .   (no cloak)
rCorr    .         Harm     .   l - +2 pair of gloves
MR       .....     Rnd*Tele +   (no boots)
Stlth    ++........             (no amulet)
HPRegen  0.14/turn              i - ring of teleportation (curse)
MPRegen  0.10/turn              (no ring)

@: brilliant
A: negative energy resistance 1, electricity resistance, unbreathing,
petrification resistance, rot immunity, AC +4
a: Berserk, Trog's Hand, Burn Spellbooks, Renounce Religion


You were on level 5 of the Dungeon.
You worshipped Trog.
Trog was most pleased with you.
You were hungry.

You visited 1 branch of the dungeon, and saw 5 of its levels.

You collected 184 gold pieces.

Inventory:

Hand Weapons
 a - a +1 hand axe (weapon)
Armour
 b - a +1 animal skin (worn)
 l - a +2 pair of gloves (worn)
Jewellery
 i - a cursed ring of teleportation (left hand)
Wands
 u - a wand of paralysis (7)
Scrolls
 d - 5 scrolls of remove curse
 f - a scroll of fear
 m - 2 scrolls of identify
 n - 2 scrolls of teleportation
 p - a scroll of amnesia
Potions
 e - 4 potions of curing
 h - a potion of might
 k - 2 potions of agility {unknown}
 o - a potion of brilliance
 s - a potion of flight {unknown}
 t - a potion of haste {unknown}
Comestibles
 c - 11 rations


   Skills:
 + Level 4.6 Fighting
 + Level 5.8 Axes
 + Level 2.4 Armour
 + Level 3.8 Dodging
 + Level 1.8 Stealth


You had 6 spell levels left.
You didn't know any spells.

Dungeon Overview and Level Annotations

Branches:
Dungeon (5/15)
 Temple: D:4-7

Altars:

Shops:
D:4 (


Innate Abilities, Weirdness & Mutations

You are resistant to torment.
Your stone body is resilient. (AC +4)
You are immune to poison.
You resist negative energy. (rN+)
You are resistant to electric shocks. (rElec)
You can survive without breathing.
You are immune to petrification.
You are immune to rotting.


Message History

* * * LOW HITPOINT WARNING * * *
As you read the scroll labeled GETHO JIOSE, it crumbles to dust.
The dust glows bright red!
It was a scroll of random uselessness.
The killer bee zombie closely misses you.
The phantom misses you. The crimson imp barely misses you.
The killer bee zombie hits you but does no damage.
As you read the scroll labeled ITZIZY IXOPP, it crumbles to dust.
The creatures around you are filled with an inner flame!
It was a scroll of immolation.
The killer bee zombie barely misses you.
The phantom hits you but does no damage.
The crimson imp hits you but does no damage.
The killer bee zombie hits you.
* * * LOW HITPOINT WARNING * * *
Your surroundings suddenly seem different.
Found a leather armour.
Found an escape hatch in the ceiling.
A quokka comes into view.
The phantom blinks!
The killer bee zombie hits you.
You die...

# #....#...#.##.#
#.††.......#..##.
....?.....#......
#..#....5...##...#
...##........#....#
.##.
....<.......#.### .
..................
.
####.W...Z...#....
.......@...## .
##...............
#........[###...
##<.....#... #
....r...#####
..#####.## .#
#.#≈≈b#.. P
.#..l#.# ##


You could see a phantom (inner flame), a crimson imp (inner flame), a killer bee
zombie (inner flame), a quokka (wandering), a bat and a frilled lizard
(wandering).

Vanquished Creatures
  2 ogres (D:4)
  The ghost of richr the Magician, an amateur DEEE (D:3)
  A scorpion (D:4)
  2 orc wizards
  5 worker ants
  7 adders
  A shadow imp (D:5)
  An ooze (D:1)
  An adder skeleton (D:4)
  A worm (D:4)
  A dart slug (D:3)
  2 leopard geckos
  13 orcs
  6 bats
  6 giant cockroaches
  6 hobgoblins
  19 jackals
  6 kobolds
  2 quokkas
  7 frilled lizards
  7 goblins
  A leopard gecko skeleton (D:4)
  A quokka skeleton (D:4)
  7 rats
106 creatures vanquished.

Vanquished Creatures (others)
  A leopard gecko (D:4)
  2 fungi (D:5)
3 creatures vanquished.

Grand Total: 109 creatures vanquished

Notes
Turn   | Place    | Note
-------+----------+-------------------------------------------
     0 | D:1      | Fang the Gargoyle Berserker began the quest for the Orb.
     0 | D:1      | Reached XP level 1. HP: 14/14 MP: 1/1
   140 | D:1      | Reached XP level 2. HP: 8/19 MP: 2/2
   549 | D:1      | Reached skill level 3 in Axes
   758 | D:1      | Reached XP level 3. HP: 11/23 MP: 3/3
  1608 | D:2      | Reached ** piety under Trog
  1627 | D:2      | Reached XP level 4. HP: 21/29 MP: 4/4
  2060 | D:3      | Noticed richr's ghost (amateur DEEE)
  2071 | D:3      | Killed richr's ghost
  2071 | D:3      | Reached skill level 4 in Axes
  2071 | D:3      | Reached XP level 5. HP: 33/33 MP: 5/5
  2295 | D:3      | Reached XP level 6. HP: 24/38 MP: 6/6
  2380 | D:3      | Reached skill level 1 in Stealth
  3331 | D:4      | Reached skill level 5 in Axes
  3593 | D:4      | Found Xunan's Antique Weapon Shoppe.
  3613 | D:4      | Reached XP level 7. HP: 28/44 MP: 7/7
  3672 | D:4      | Reached *** piety under Trog
  3674 | D:4      | Paralysed by an orc for 6 turns
  4394 | D:5      | Entered Level 5 of the Dungeon
  4486 | D:5      | Slain by a killer bee zombie

Skill      XL: |  1  2  3  4  5  6 |
---------------+-------------------+-----
Axes           | 3 4 5 |  5.8
Dodging        | 2 3 |  3.8
Fighting       | 4 |  4.6
Stealth        | 1 |  1.8
Armour         | |  2.4

Action                   |  1- 3 |  4- 6 |  7- 9 || total
-------------------------+-------+-------+-------++-------
Melee: Hand axe          |   135 |   185 |    79 ||   399
Invok: Berserk           |     1 |     4 |     1 ||     6
  Use: Scroll            |       |       |     9 ||     9
       Potion            |       |       |     2 ||     2
 Stab: Sleeping          |       |       |     2 ||     2
  Eat: Chunk             |     3 |     6 |     4 ||    13
       Ration            |       |     1 |       ||     1
Armor: Animal skin       |    53 |    89 |    62 ||   204
Dodge: Dodged            |    98 |   138 |   110 ||   346
